 Dungeon Crawl Stone Soup version 0.31-a0-960-g0fca184906 (webtiles) character file.

Game seed: 6797868607177777488

28 arthad the Trooper (level 3, -1/44 HPs)
             Began as an Ogre Berserker on Oct 23, 2023.
             Was a Believer of Trog.
             Slain by a hobgoblin
             ... wielding the +12 dagger of Taruf {venom, Fly Int+4 Dex-3 Stlth+}
              (6 damage)
             ... on level 2 of the Dungeon.
             The game lasted 00:01:11 (1158 turns).

arthad the Trooper (Ogre Berserker)                 Turns: 1158, Time: 00:01:12

Health: -1/44      AC:  5    Str: 23    XL:     3   Next: 12%
Magic:  3/3        EV: 10    Int:  8    God:    Trog [**....]
Gold:   126        SH:  0    Dex:  8    Spells: 2/2 levels left

rFire   . . .        a - +0 hand axe
rCold   . . .        (no shield)
rNeg    . . .        b - +0 animal skin
rPois   .            (helmet restricted)
rElec   .            (no cloak)
rCorr   .            (gloves unavailable)
SInv    .            (boots unavailable)
Will    .....        (no amulet)
Stlth   +            (no ring)
HPRegen 0.27/turn    (no ring)
MPRegen 0.08/turn

%: no passive effects
@: lethally poisoned (-1 -> -15)
A: large, unfitting armour, tough skin 1, iridescent scales 1, robust 1, no
potion heal 1
a: Renounce Religion, Berserk, Trog's Hand


You were on level 2 of the Dungeon.
You worshipped Trog.
Trog was pleased with you.
You visited 1 branch of the dungeon, and saw 2 of its levels.

You collected 126 gold pieces.

Inventory:

Hand Weapons
 a - a +0 hand axe (weapon)
Missiles
 i - 8 poisoned darts
Armour
 b - a +0 animal skin (worn)
Scrolls
 c - a scroll of poison
 e - a scroll of teleportation {unknown}
 f - a scroll of identify
 g - a scroll of amnesia {unknown}
 h - 2 scrolls of enchant weapon {unknown}


   Skills:
 + Level 4.6 Fighting
 + Level 3.3 Axes
 + Level 3.1 Dodging


You had 2 spell levels left.
You didn't know any spells.
Your spell library contained the following spells:

 Spells                   Type           Power      Damage    Failure   Level
 Ozocubu's Armour         Ice            0%         N/A       78%         3
 Metabolic Englaciation   Hex/Ice        0%         N/A       100%        5
 Simulacrum               Ice/Necr       0%         N/A       100%        6


Dungeon Overview and Level Annotations

Branches:
Dungeon (2/15)

Altars:


Innate Abilities, Weirdness & Mutations

You are too large for most types of armour.
You have tough skin. (AC +1)
You are partially covered in iridescent scales. (AC +2)
You are robust. (+10% HP)
Potions are less effective at restoring your health.


Message History

You now have 112 gold pieces (gained 13).
You see here a +0 leather armour.
You now have 126 gold pieces (gained 14).
A hobgoblin comes into view.
It is wielding the +12 dagger of Taruf {venom, Fly Int+4 Dex-3 Stlth+}.
A hobgoblin is nearby!
You closely miss the hobgoblin.
The hobgoblin hits you with the +12 dagger of Taruf {venom, Fly Int+4 Dex-3 Stlth+}!
You are poisoned.
You hit the hobgoblin.
The hobgoblin is moderately wounded.
You feel very sick.
The hobgoblin hits you with the +12 dagger of Taruf {venom, Fly Int+4 Dex-3 Stlth+}!
You are lethally poisoned!
You are too injured to fight recklessly!
You are too injured to fight recklessly!
You are too injured to fight recklessly!
You are too injured to fight recklessly!
You are too injured to fight recklessly!
You are too injured to fight recklessly!
You are too injured to fight recklessly!
You are too injured to fight recklessly!
You are too injured to fight recklessly!
You are too injured to fight recklessly!
You are too injured to fight recklessly!
You are too injured to fight recklessly!
You are too injured to fight recklessly!
It was a potion of mutation.
You feel extremely strange.
Your system partially rejects the healing effects of potions.
You feel robust.
Iridescent scales grow over part of your body.
* * * LOW HITPOINT WARNING * * *
You feel very sick. The hobgoblin completely misses you.
As you read the scroll labelled COHUTY ZOUCIPE, it crumbles to dust.
It is a scroll of identify.
c - a scroll of poison
* * * LOW HITPOINT WARNING * * *
You feel very sick.
The hobgoblin hits you with the +12 dagger of Taruf {venom, Fly Int+4 Dex-3 Stlth+}.
You die...

..##............## #..
.....#........†#######.
........................
...#......#.....##......
.......##......÷÷.......
....#.....).............
.......<....#.####......
.......g....#.####......
.......@÷..<........[...
..........(......#......
............#.##.#......
............#.##....####
....(.......#.....####..
...$.......##.###.###..#
....#.....###.# #.....##
#####....## #.# ####....
##### #..#.# #.# ##.##


You could see a hobgoblin.

Vanquished Creatures
  A dart slug (D:1)
  5 endoplasms
  A giant cockroach (D:1)
  2 goblins (D:1)
  3 jackals (D:2)
  4 kobolds (D:2)
  A quokka (D:1)
  3 ball pythons
  A bat (D:2)
  A frilled lizard (D:1)
22 creatures vanquished.

Notes
Turn   | Place    | Note
-------+----------+-------------------------------------------
     0 | D:1      | arthad the Ogre Berserker began the quest for the Orb.
     0 | D:1      | Reached XP level 1. HP: 24/24 MP: 1/1
   203 | D:1      | Reached XP level 2. HP: 24/32 MP: 2/2
   441 | D:1      | You fall into a shaft and drop 1 floor!
   611 | D:1      | Reached XP level 3. HP: 17/40 MP: 3/3
   754 | D:1      | Reached ** piety under Trog
  1150 | D:2      | Identified the +12 dagger of Taruf {venom, Fly Int+4 Dex-3
                  | Stlth+}
  1157 | D:2      | Gained mutation: Potions are less effective at restoring
                  | your health. [potion of mutation]
  1157 | D:2      | Gained mutation: You are robust. (+10% HP) [potion of
                  | mutation]
  1157 | D:2      | Gained mutation: You are partially covered in iridescent
                  | scales. (AC +2) [potion of mutation]
  1158 | D:2      | Slain by a hobgoblin

Illustrated notes

Levels and vault maps discovered:
D:1:      dpeg_arrival_rooms_b, layout_basic, roderic_serpentine_path,
          minmay_misc_feat_ornament
D:2:      layout_rooms, minmay_misc_feat_doors, amethyst_killhole

Skill      XL: |  1  2 |
---------------+-------+-----
Dodging        | 3 |  3.1
Fighting       | |  4.6
Axes           | |  3.3

Action                     || total
---------------------------++-------
  Melee: Hand axe          ||    59
    Use: Scroll            ||     1
         Potion            ||     1
 Armour: Animal skin       ||    35
  Dodge: Dodged            ||    29

Table legend: (Time is in decaauts)
 A = Elapsed time spent in this place.
 B = Non-inter-level travel time spent in this place.
 C = Inter-level travel time spent in this place.
 D = Time resting spent in this place.
 E = Time spent auto-exploring this place.
 F = Levels seen in this place.
 G = Mean time per level.
                   A        B        C        D        E       F      G
               +--------+--------+--------+--------+--------+-----+--------+
         Total |   1165 |   1136 |     29 |      0 |    969 |   2 |  582.5 |
       Dungeon |   1165 |   1136 |     29 |      0 |    969 |   2 |  582.5 |
               +--------+--------+--------+--------+--------+-----+--------+

Top non-repeatable levels by time:
     D:1: 898 daAuts
     D:2: 267 daAuts
